 Dungeon Crawl Stone Soup version 0.28.0 (webtiles) character file.

Game seed: 5956952618552803071

2667 issech the Cudgeller (level 9, -4/78 HPs)
             Began as a Troll Monk on Feb 16, 2022.
             Was a Priest of Hepliaklqana.
             Killed from afar by Maggie (19 damage)
             ... with a bolt of fire
             ... on level 7 of the Dungeon.
             The game lasted 00:26:15 (6674 turns).

issech the Cudgeller (Troll Monk)                   Turns: 6674, Time: 00:26:17

Health: -4/78      AC: 12    Str: 21    XL:     9   Next: 37%
Magic:  8/8        EV:  9    Int:  6    God:    Hepliaklqana [***...]
Gold:   329        SH: 15    Dex: 16    Spells: 8/8 levels left

rFire   . . .      SeeInvis +   s - +1 mace (protect)
rCold   . . .      Faith    .   p - +1 tower shield
rNeg    . . .      Spirit   .   b - +0 robe
rPois   .          Reflect  .   (helmet restricted)
rElec   .          Harm     .   r - +0 cloak
rCorr   .          Rampage  .   (gloves unavailable)
Will    .....                   (boots unavailable)
Stlth   ++........              (no amulet)
HPRegen 1.03/turn               t - ring of see invisible
MPRegen 0.11/turn               (no ring)

@: under a protective aura, mesmerised
A: reduced essence, large, unfitting armour, claws 3, regeneration 1, shaggy fur
1, tough skin 1
a: Renounce Religion, Recall Ancestor, Ancestor Identity, Transference


You were on level 7 of the Dungeon.
You worshipped Hepliaklqana.
Hepliaklqana was most pleased with you.
You visited 2 branches of the dungeon, and saw 8 of its levels.

You collected 383 gold pieces.
You spent 54 gold pieces at shops.

Inventory:

Hand Weapons
 h - a +0 dagger of protection
 q - a +4 quarterstaff of chaos
 s - a +1 mace of protection (weapon)
 z - a +3 dagger
 A - a +0 hand crossbow
 D - a +0 shortbow
 E - a +0 giant spiked club
 G - a +2 dagger of venom
 H - a +2 short sword of freezing
 I - a +0 hand axe of flaming
 J - a +0 morningstar
 K - a +3 spear
 N - a +0 hunting sling
 O - a +0 arbalest
 Q - a +1 vorpal flail
 R - a +0 dagger of venom
 T - a +1 falchion of distortion
Missiles
 d - 175 stones (quivered)
 k - 21 poisoned darts
 x - 6 boomerangs
 y - 57 bolts
 C - 15 arrows
Armour
 b - a +0 robe (worn)
 g - an orb of wrath
 p - a +1 tower shield (worn)
 r - a +0 cloak (worn)
Magical Staves
 a - a staff of death
Jewellery
 i - an amulet of faith
 t - a ring of see invisible (left claw)
Wands
 M - a wand of flame (16)
 S - a wand of iceblast (12)
Scrolls
 m - 2 scrolls of fog
 u - 3 scrolls of holy word
 v - 3 scrolls of amnesia
 w - a scroll of teleportation
Potions
 c - 5 potions of heal wounds
 e - 3 potions of ambrosia {unknown}
 f - a potion of brilliance {unknown}
 j - 4 potions of haste {unknown}
 n - 3 potions of flight {unknown}
 F - 3 potions of curing {unknown}
 L - a potion of lignification {unknown}


   Skills:
 + Level 4.9 Fighting
 + Level 7.0 Maces & Flails
 + Level 5.4 Dodging
 + Level 2.3 Stealth
 + Level 5.1 Shields


You had 8 spell levels left.
You didn't know any spells.
Your spell library contained the following spells:

 Spells                   Type           Power      Damage    Failure   Level
 Animate Skeleton         Necr           0%         N/A       97%         1
 Apportation              Tloc           0%         N/A       97%         1
 Freeze                   Ice            0%         1d3       97%         1
 Summon Small Mammal      Summ           0%         N/A       97%         1
 Static Discharge         Conj/Air       0%         N/A       99%         2
 Frozen Ramparts          Ice            0%         1d2       100%        3
 Ozocubu's Armour         Ice            0%         N/A       100%        3
 Portal Projectile        Hex/Tloc       0%         N/A       100%        3
 Dispel Undead            Necr           0%         3d6       100%        4
 Hailstorm                Conj/Ice       0%         3d3       100%        4
 Sticky Flame             Conj/Fire      0%         2d3       100%        4
 Blade Hands              Tmut           0%         N/A       100%        5
 Excruciating Wounds      Necr           0%         N/A       100%        5
 Ozocubu's Refrigeration  Ice            0%         4d5       100%        7


Dungeon Overview and Level Annotations

Branches:
Dungeon (7/15)             Temple (1/1) D:5

Altars:
Cheibriados
Dithmenos
Fedhas
Gozag
Hepliaklqana
Kikubaaqudgha
Nemelex Xobeh
Okawaru
Qazlal
Ru
Trog
Uskayaw
Wu Jian

Shops:
D:2 [   D:6 !

Annotations:
D:7 Maggie


Innate Abilities, Weirdness & Mutations

Your life essence is reduced to manifest your ancestor. (-10% HP)
You are too large for most types of armour.
You have claws for hands.
Your natural rate of healing is unusually fast.
You are covered in fur. (AC +1)
You have tough skin. (AC +1)


Message History

The puff of frost hits you.
Maggie hits you with a +2 glaive of distortion!
Space warps horribly around you!
You hit Maggie but do no damage.
Your weapon exudes an aura of protection.
Maggie is lightly wounded.
Lwandle completely misses Maggie.
You block Maggie's attack.
You cannot move away from Maggie!
Unknown command.
You cannot move away from Maggie!
Unknown command.
You sock Maggie!
Maggie is lightly wounded.
The white imp gestures at you.
The puff of frost hits you but does no damage.
Lwandle barely misses Maggie.
Maggie hits you with a +2 glaive of distortion.
Space warps around you.
* * * LOW HITPOINT WARNING * * *
The white imp gestures at you. You block the puff of frost.
Lwandle misses Maggie.
Okay, then.
Okay, then.
You thump Maggie!
Maggie is moderately wounded.
Maggie hits you but does no damage. Space warps around you.
* * * LOW HITPOINT WARNING * * *
The white imp gestures at you. The puff of frost hits you.
* * * LOW HITPOINT WARNING * * *
Lwandle hits Maggie with a +0 quarterstaff.
Maggie mumbles some strange words.
Maggie draws you further into her thrall.
You hit Maggie.
Maggie is heavily wounded.
You block the white imp's attack.
Lwandle hits Maggie with a +0 quarterstaff!!
Maggie gestures at you while chanting. The bolt of fire hits you!!
You die...

.#####........ ..
....#........# ..
......#..##..##### .##.
.........# #..#..#.....
.........###........#
>......)<)...(...##..@.
.......รท[.....#### ...
.....#>.......# .
.##..#......R@# ...
#...###.@5# #.. ...###
#..... ....... #.......
#...# #.....!... ####
..##...... .## ......
.. ......


You could see the friendly Lwandle the battlemage, Maggie (mesmerising, ally
target) and a white imp.

Vanquished Creatures
  Edmund (D:4)
  Duvessa (D:5)
  Pargi (D:4)
  An orc warrior (D:6)
  The ghost of browni3141 the Chopper, an amateur MiBe of Trog (D:3)
  A necrophage (Temple)
  2 ogres
  2 centaurs
  A kobold brigand (D:5)
  A bullfrog (D:6)
  Dowan (D:5)
  A bullfrog zombie (D:5)
  Crazy Yiuf (D:2)
  An orc priest (D:7)
  A hound (Temple)
  2 iguanas
  2 orc wizards
  A howler monkey zombie (D:5)
  4 gnolls
  5 adders
  A shadow imp (D:5)
  3 worms (D:3)
  3 dart slugs
  6 orcs
  4 bats (D:1)
  10 endoplasms
  4 giant cockroaches
  7 goblins
  7 hobgoblins
  3 jackals (D:2)
  3 ball pythons
  2 frilled lizards (D:2)
  26 kobolds
  7 rats
117 creatures vanquished.

Vanquished Creatures (collateral kills)
  Menkaure (D:7)
  An ice beast (D:5)
  The ghost of snaxamus the Shield-Bearer, an amateur MiFi (D:3)
  A necrophage (D:5)
  2 phantoms
  The ghost of Fractals the Digger, an amateur DEEE (D:3)
  A scorpion (D:7)
  A bullfrog zombie (D:3)
  5 hounds
  2 centaur zombies (D:7)
  An orc priest (D:7)
  3 iguanas
  Ijyb (D:4)
  2 hound skeletons
  A howler monkey zombie (D:6)
  2 gnolls (D:4)
  5 adders
  A worm (D:4)
  A dart slug (D:3)
  5 orcs
  An endoplasm (D:4)
  2 goblins (D:3)
  2 quokkas
  A ball python (D:3)
  A bat (D:3)
  5 kobolds
50 creatures vanquished.

Vanquished Creatures (others)
  20 plants (D:5)
  4 withered plants (D:3)
24 creatures vanquished.

Grand Total: 191 creatures vanquished

Notes
Turn   | Place    | Note
-------+----------+-------------------------------------------
     0 | D:1      | issech the Troll Monk began the quest for the Orb.
     0 | D:1      | Reached XP level 1. HP: 22/22 MP: 0/0
   140 | D:1      | Reached XP level 2. HP: 27/29 MP: 1/1
   181 | D:1      | Found a faded altar of an unknown god.
   224 | D:1      | Reached skill level 3 in Maces & Flails
   771 | D:2      | Reached XP level 3. HP: 35/36 MP: 2/2
  1629 | D:2      | Found Ijulitru's Armour Emporium.
  1638 | D:2      | Reached XP level 4. HP: 43/44 MP: 3/3
  1660 | D:2      | Bought a +0 tower shield for 54 gold pieces
  1689 | D:2      | Found a runed translucent door.
  1690 | D:2      | Noticed Crazy Yiuf
  1745 | D:2      | Killed Crazy Yiuf
  1951 | D:3      | Reached skill level 4 in Maces & Flails
  1951 | D:3      | Reached XP level 5. HP: 25/53 MP: 4/4
  2047 | D:3      | Found a runed translucent gate.
  2053 | D:3      | Found a runed translucent gate.
  2054 | D:3      | Found a runed translucent gate.
  2055 | D:3      | Noticed snaxamus's ghost (amateur MiFi)
  2055 | D:3      | Noticed browni3141's ghost (amateur MiBe)
  2056 | D:3      | Noticed Fractals's ghost (amateur DEEE)
  2132 | D:3      | You fall into a shaft and drop 2 floors!
  2132 | D:5      | Entered Level 5 of the Dungeon
  2190 | D:5      | Reached skill level 1 in Shields
  2363 | D:5      | Noticed Duvessa
  2401 | D:5      | Killed Duvessa
  2402 | D:5      | Reached XP level 6. HP: 51/61 MP: 5/5
  2412 | D:5      | Noticed Dowan
  2434 | D:5      | Killed Dowan
  2657 | D:5      | Reached XP level 7. HP: 26/67 MP: 6/6
  2664 | D:5      | Found a staircase to the Ecumenical Temple.
  2673 | Temple   | Entered the Ecumenical Temple
  2716 | Temple   | Reached skill level 5 in Maces & Flails
  2778 | Temple   | Became a worshipper of Hepliaklqana the Forgotten
  2778 | Temple   | Reached * piety under Hepliaklqana
  2778 | Temple   | Reached ** piety under Hepliaklqana
  2779 | Temple   | Remembered your ancestor Lwandle as a battlemage
  2891 | D:4      | Noticed Ijyb
  2904 | D:4      | Killed Ijyb
  2906 | D:4      | Noticed Pargi
  2914 | D:4      | Killed Pargi
  2915 | D:4      | Reached XP level 8. HP: 69/70 MP: 7/7
  3151 | D:4      | Reached skill level 6 in Maces & Flails
  3327 | D:3      | Killed Fractals's ghost
  3330 | D:3      | Killed snaxamus's ghost
  3333 | D:3      | Killed browni3141's ghost
  3747 | D:4      | Noticed Edmund
  3755 | D:4      | Killed Edmund
  4073 | D:5      | Reached skill level 5 in Dodging
  4778 | D:6      | Found Dotu's Distillery.
  4883 | D:6      | Reached *** piety under Hepliaklqana
  4946 | D:6      | Found a sacrificial altar of Ru.
  5261 | D:6      | Reached XP level 9. HP: 76/76 MP: 8/8
  5663 | D:7      | Noticed Menkaure
  5984 | D:7      | Reached skill level 7 in Maces & Flails
  5988 | D:7      | Killed Menkaure
  6000 | D:7      | Noticed Maggie
  6661 | D:7      | Reached skill level 5 in Shields
  6674 | D:7      | Killed from afar by Maggie

Illustrated notes

Levels and vault maps discovered:
D:1:      dpeg_arrival_boxorama, layout_loops_cross,
          hellmonk_ecumenical_altar_lost_god, nrook_campfire
D:2:      layout_loops_corners, serial_shops, shop, uniq_crazy_yiuf_cottage
D:3:      layout_rooms, gammafunk_ghost_cemetery
D:4:      layout_cave_pools, uniq_edmund, uniq_pargi, uniq_ijyb
D:5:      kennysheep_kobold_camp, layout_loops_corners,
          minmay_temple_entry_sparse_star, uniq_duvessa
D:6:      layout_gridville, nicolae_ru_great_annihilating_truth, serial_shops,
          nicolae_stop_n_shop_2
D:7:      layout_cave_pools, grunt_temple_overflow_champion_of_chaos,
          mainiacjoe_overflow_catch_the_wave, uniq_maggie, uniq_prince_ribbit1,
          uniq_menkaure
Temple:   nicolae_temple_x_marks_the_god

Skill      XL: |  1  2  3  4  5  6  7  8  9 |
---------------+----------------------------+-----
Maces & Flails | 3 4 5 6 7 |  7.0
Dodging        | 3 4 5 |  5.4
Fighting       | 3 4 |  4.9
Shields        | 1 2 3 4 5 |  5.1
Stealth        | 2 |  2.3

Action                   |  1- 3 |  4- 6 |  7- 9 || total
-------------------------+-------+-------+-------++-------
Melee: Mace              |   135 |   196 |   193 ||   524
       Punch             |     1 |       |       ||     1
Throw: Stone             |       |     7 |     1 ||     8
Invok: Ancestor Life: Ba |       |       |     1 ||     1
  Use: Scroll            |       |       |     8 ||     8
 Stab: Sleeping          |     3 |     1 |     2 ||     6
       Distracted        |       |       |     2 ||     2
Armor: Robe              |    71 |   173 |    95 ||   339
Dodge: Dodged            |    97 |   114 |    74 ||   285
Block: Tower shield      |       |   210 |   184 ||   394
